Map: Ascension to Aiur LE

Players

Veryn

  • Race: Protoss Protoss
  • Spawn Location: 5:00

Majestic - Winner!

  • Race: Protoss Protoss
  • Spawn Location: 11:00

Event: WCS Valencia 2017

VOD

Have the link to the VOD?

Description

Time

  • Played on: July 13, 2017, 7:51 a.m.
  • Length: 13:23

All games in this series

Show
View Real Time Build Order
Export as new Build Order

Veryn Protoss 

Build Orders: Phoenix Opening 

Get SALT Encoding   

  12  0:01  Probe (Chrono Boost)  
  13  0:11  Probe (Chrono Boost)  
  14  0:17  Pylon  
  14  0:22  Probe (Chrono Boost)  
  16  0:35  Probe (Chrono Boost)  
  16  0:36  Gateway  
  16  0:41  Assimilator  
  16  0:46  Probe (Chrono Boost)  
  17  0:50  Assimilator  
  17  0:56  Probe (Chrono Boost)  
  18  1:07  Probe (Chrono Boost)  
  18  1:09  Gateway  
  19  1:18  Probe (Chrono Boost)  
  20  1:24  Cybernetics Core  
  20  1:28  Probe (Chrono Boost)  
  21  1:39  Probe (Chrono Boost)  
  22  1:51  Probe (Chrono Boost)  
  22  1:52  Pylon  
  23  2:10  Adept x2  
  23  2:12  Pylon  
  27  2:18  Stargate  
  27  2:25  Mothership Core (Chrono Boost)  
  28  2:37  Stalker x2  
  32  2:48  Probe (Chrono Boost)  
  33  3:04  Phoenix (Chrono Boost)  
  33  3:27  Phoenix (Chrono Boost)  
  33  3:28  Probe  
  32  3:37  Nexus  
  32  3:44  Pylon  
  34  3:48  Phoenix (Chrono Boost)  
  34  3:53  Probe  
  35  4:05  Probe  
  36  4:13  Phoenix (Chrono Boost)  
  38  4:17  Probe  
  39  4:30  Probe  
  40  4:34  Phoenix (Chrono Boost)  
  42  4:41  Stargate  
  42  4:42  Probe  
  43  4:47  Probe  
  44  4:54  Probe  
  44  4:56  Phoenix (Chrono Boost)  
  44  4:57  Probe  
  46  5:06  Probe  
  47  5:08  Probe  
  48  5:18  Probe  
  48  5:19  Probe  
  48  5:21  Phoenix (Chrono Boost)  
  50  5:25  Assimilator  
  50  5:30  Probe x2  
  50  5:31  Phoenix (Chrono Boost)  
  54  5:42  Probe  
  55  5:43  Probe  
  56  5:55  Phoenix (Chrono Boost)  
  58  6:01  Probe x2  
  60  6:13  Probe  
  59  6:21  Probe, Phoenix (Chrono Boost)  
  59  6:24  Assimilator  
  62  6:28  Pylon  
  62  6:37  Nexus  
  62  6:39  Pylon  
  62  6:45  Fleet Beacon  
  62  6:46  Probe x2, Phoenix (Chrono Boost)  
  66  6:55  Phoenix (Chrono Boost)  
  66  6:58  Probe x2  
  70  7:05  Pylon  
  70  7:10  Probe x2, Phoenix (Chrono Boost), Pylon  
  72  7:20  Phoenix (Chrono Boost)  
  72  7:23  Probe x2  
  72  7:27  Anion Pulse-Crystals (Chrono Boost)  
  74  7:34  Phoenix  
  74  7:35  Probe x2  
  78  7:41  Forge  
  60  8:01  Phoenix (Chrono Boost)  
  60  8:02  Phoenix (Chrono Boost)  
  62  8:07  Probe x3  
  65  8:14  Photon Cannon  
  65  8:17  Photon Cannon  
  65  8:18  Probe  
  65  8:19  Probe x2  
  68  8:20  Photon Cannon  
  68  8:25  Phoenix (Chrono Boost)  
  70  8:28  Probe  
  70  8:31  Probe  
  80  8:41  Phoenix (Chrono Boost)  
  80  8:44  Assimilator  
  80  8:48  Assimilator  
  80  8:51  Phoenix (Chrono Boost)  
  75  8:56  Probe  
  75  8:57  Probe  
  75  8:58  Probe  
  77  9:07  Probe, Phoenix (Chrono Boost)  
  77  9:09  Probe  
  81  9:10  Probe  
  81  9:14  Photon Cannon  
  82  9:17  Probe  
  82  9:18  Phoenix (Chrono Boost)  
  82  9:22  Probe, Stargate  
  83  9:36  Phoenix (Chrono Boost)  
  84  9:42  Phoenix (Chrono Boost)  
  86  9:49  Probe x2  
  86  9:51  Pylon  
  88  10:01  Phoenix (Chrono Boost)  
  88  10:05  Phoenix (Chrono Boost)  
  86  10:14  Probe  
  88  10:15  Probe x2  
  88  10:16  Phoenix (Chrono Boost)  
  88  10:18  Warp Gate (Chrono Boost)  
  91  10:22  Twilight Council  
  91  10:24  Probe, Nexus  
  91  10:26  Phoenix (Chrono Boost)  
  91  10:27  Pylon  
  92  10:31  Phoenix (Chrono Boost)  
  92  10:35  Probe  
  92  10:36  Probe x2  
  92  10:41  Phoenix (Chrono Boost)  
  96  10:59  Probe x2  
  96  11:03  Charge (Chrono Boost)  
  96  11:04  Pylon  
  98  11:05  Gateway  
  98  11:09  Gateway  
  98  11:11  Gateway  
  98  11:16  Gateway  
  98  11:17  Gateway  
  98  11:19  Assimilator  
  98  11:23  Assimilator  
  98  11:29  Pylon  
  98  11:31  Pylon  
  97  11:35  Probe  
  97  11:36  Probe x2  
  96  12:12  Robotics Facility  
  96  12:13  Zealot x7  
  96  12:15  Robotics Facility  
  110  12:18  Pylon  
  110  12:19  Pylon  
  110  12:36  Zealot x5  
  110  12:37  Zealot x2, Pylon  
  122  12:46  Pylon  
  119  12:51  Pylon  
  109  13:01  Zealot x7  
Show
View Real Time Build Order
Export as new Build Order

Majestic Protoss - Winner!

Build Orders: Phoenix Opening 

Get SALT Encoding   

  12  0:01  Probe (Chrono Boost)  
  13  0:11  Probe (Chrono Boost)  
  14  0:18  Pylon  
  14  0:22  Probe (Chrono Boost)  
  15  0:36  Probe (Chrono Boost), Gateway  
  15  0:42  Assimilator  
  16  0:47  Probe (Chrono Boost)  
  17  0:53  Assimilator  
  17  0:57  Probe (Chrono Boost)  
  18  1:07  Gateway  
  18  1:08  Probe (Chrono Boost)  
  20  1:18  Probe (Chrono Boost)  
  20  1:23  Cybernetics Core  
  20  1:29  Probe (Chrono Boost)  
  21  1:39  Probe (Chrono Boost)  
  22  1:40  Pylon  
  22  1:50  Probe (Chrono Boost)  
  27  2:01  Adept (Chrono Boost)  
  27  2:02  Warp Gate, Adept (Chrono Boost)  
  27  2:10  Mothership Core  
  29  2:17  Pylon  
  29  2:26  Stargate  
  29  2:35  Adept (Chrono Boost)  
  31  2:38  Adept (Chrono Boost)  
  31  2:43  Probe  
  34  3:08  Pylon  
  37  3:20  Phoenix (Chrono Boost)  
  32  3:30  Pylon  
  32  3:41  Nexus  
  32  3:42  Phoenix (Chrono Boost)  
  33  3:54  Probe  
  34  4:04  Phoenix (Chrono Boost)  
  34  4:06  Probe  
  35  4:15  Stalker  
  35  4:18  Probe  
  36  4:25  Phoenix (Chrono Boost)  
  36  4:27  Stargate  
  38  4:33  Probe  
  39  4:45  Probe  
  40  4:47  Phoenix (Chrono Boost)  
  42  4:53  Probe  
  42  4:57  Probe  
  44  5:03  Probe  
  43  5:09  Phoenix (Chrono Boost)  
  43  5:20  Probe  
  43  5:21  Probe  
  43  5:23  Phoenix (Chrono Boost)  
  45  5:29  Assimilator  
  45  5:31  Probe  
  45  5:32  Pylon, Phoenix (Chrono Boost)  
  45  5:33  Probe  
  49  5:43  Probe  
  49  5:44  Assimilator  
  49  5:45  Probe  
  51  5:50  Stalker  
  51  5:55  Probe  
  53  5:58  Probe  
  53  5:59  Phoenix (Chrono Boost)  
  53  6:02  Gateway  
  56  6:07  Probe  
  56  6:10  Probe  
  58  6:12  Phoenix (Chrono Boost)  
  58  6:19  Probe  
  58  6:22  Probe  
  58  6:25  Phoenix (Chrono Boost)  
  62  6:31  Probe  
  63  6:34  Probe, Robotics Facility  
  63  6:36  Pylon  
  64  6:42  Phoenix (Chrono Boost)  
  64  6:45  Probe  
  68  6:47  Probe  
  68  6:51  Phoenix (Chrono Boost)  
  70  7:03  Probe x2  
  70  7:04  Phoenix (Chrono Boost)  
  74  7:12  Phoenix (Chrono Boost)  
  76  7:21  Gateway  
  76  7:25  Pylon, Phoenix (Chrono Boost)  
  76  7:27  Pylon  
  78  7:40  Phoenix  
  81  7:44  Observer (Chrono Boost)  
  81  7:50  Phoenix (Chrono Boost)  
  69  8:02  Nexus  
  69  8:03  Pylon, Probe x2  
  71  8:06  Phoenix (Chrono Boost)  
  71  8:13  Protoss Air Weapons Level 1  
  71  8:15  Probe x2, Phoenix (Chrono Boost)  
  75  8:23  Pylon  
  75  8:27  Pylon  
  75  8:32  Phoenix (Chrono Boost)  
  77  8:35  Zealot x2  
  77  8:37  Phoenix (Chrono Boost)  
  83  8:45  Twilight Council  
  83  8:58  Stalker x3  
  89  9:08  Forge  
  91  9:10  Phoenix (Chrono Boost)  
  91  9:11  Phoenix (Chrono Boost)  
  93  9:17  Assimilator  
  93  9:20  Probe, Assimilator  
  94  9:30  Charge (Chrono Boost)  
  98  9:40  Phoenix (Chrono Boost)  
  96  9:46  Phoenix (Chrono Boost)  
  96  9:52  Probe  
  96  9:53  Gateway  
  96  9:54  Probe x2  
  96  9:55  Gateway  
  96  9:59  Gateway  
  95  10:01  Phoenix (Chrono Boost)  
  95  10:03  Probe  
  92  10:08  Phoenix (Chrono Boost)  
  92  10:09  Protoss Ground Weapons Level 1 (Chrono Boost)  
  94  10:15  Probe  
  94  10:16  Gateway  
  95  10:24  Phoenix  
  97  10:32  Zealot x2, Phoenix  
  105  10:38  Templar Archives  
  103  10:43  Observer (Chrono Boost)  
  103  10:47  Stalker x2  
  104  10:56  Stalker  
  96  11:00  Zealot  
  96  11:01  Warp Prism (Chrono Boost)  
  100  11:05  Gateway  
  100  11:11  Zealot  
  100  11:12  Zealot  
  100  11:14  Zealot, High Templar x2  
  100  11:18  Archon  
  110  11:25  Gateway  
  110  11:28  Pylon, Gateway, High Templar x2  
  110  11:29  Zealot  
  116  11:33  Pylon, Archon  
  114  11:49  High Templar x3  
  114  11:50  Zealot x3  
  122  12:02  Zealot, High Templar  
  122  12:07  Archon  
  126  12:10  Archon  
  126  12:13  Zealot x3  
  132  12:17  Nexus  
  132  12:19  Pylon  
  132  12:21  Zealot x2  
  136  12:23  Zealot, High Templar x2  
  136  12:27  Archon  
  142  12:46  Zealot x3, Stalker x2  
  142  12:47  Zealot x3  
  132  13:15  High Templar x4  
  132  13:16  Zealot, High Templar  
  132  13:17  Zealot x4  
  132  13:18  Zealot  
  140  13:23  Archon x2  
Tags
 
Add a new tag
Caveats
  • Supply blocks, unpowered buildings, or Contaminate may cause inaccurate times.
  • Supply counts are checked every 10 seconds.